AoeStats
← rcmccallum

Arena

506269230Analyzed
1v1 RM · 20d ago on Sep 13, 2026· 45m 8s· 2 players
Game mode
Random Map
Map size
Tiny (2 player)
Population
200
Speed
Normal
Resources
Standard
Victory
Conquest
Starting age
Dark Age
Ending age
Imperial Age
RankedLock teamsTeams togetherTeam positionsShared explorationLock speedFull tech treeHidden civsTurbo modeCheats
Victory
Defeat
🇺🇸 Inca · United States
848
+38
🇦🇷 Italians · Argentina
874
-17
rcmccallum
10:16 Feudal Age
11:06 Double-Bit Axe
12:18 Horse Collar
17:37 Castle Age
17:08 Stone Mining
17:09 Gold Mining
18:36 Bow Saw
20:57 Wheelbarrow
21:27 Fletching
23:19 Heavy Plow
24:10 Bodkin Arrow
25:17 Gold Shaft Mining
25:51 Town Watch
26:09 Padded Archer Armor
26:10 Scale Mail Armor
26:26 Loom
27:42 Pikeman
28:23 Squires
28:09 Arson
29:41 Forging
29:47 Leather Archer Armor
29:48 Chain Mail Armor
34:03 Imperial Age
35:07 Conscription
34:21 Capped Ram
35:28 Bracer
35:59 Plate Mail Armor
36:26 Hand Cart
37:48 Andean Sling
39:50 Siege Ram
43:44 Halberdier
[CHCINO]TheGuillo
11:16 Feudal Age
16:11 Castle Age
14:13 Stone Mining
14:22 Double-Bit Axe
14:20 Horse Collar
21:11 Gold Mining
23:32 Squires
23:18 Arson
27:26 Forging
27:22 Scale Barding Armor
27:08 Fletching
28:40 Heavy Plow
31:53 Imperial Age
29:59 Wheelbarrow
29:16 Light Cavalry
29:57 Husbandry
30:18 Padded Archer Armor
30:49 Bloodlines
32:44 Scale Mail Armor
32:56 Thumb Ring
34:52 Cavalier
41:10 Hand Cart
43:11 Crop Rotation
43:53 Chain Barding Armor
44:09 Iron Casting
43:51 Leather Archer Armor
44:16 Bodkin Arrow
Connection lost

Rejoining the realm…

Still unreachable

The connection could not be restored.

Session expired

The server has moved on; the page needs a fresh start.